 Dungeon Sprint DCSS version 0.28.0-53-g5a82cb258f (webtiles) character file.

Game seed: 17296950551087024842

14973 Zeld the Severer (level 11, -8/126 HPs)
             Began as a Minotaur Berserker on June 4, 2022.
             Was the Champion of Trog.
             Mangled by Polyphemus (28 damage)
             ... in the Dungeon (Sprint III: "The Ten Rune Challenge").
             The game lasted 00:04:00 (4767 turns).

Zeld the Severer (Minotaur Berserker)               Turns: 4767, Time: 00:04:00

Health: -8/126     AC:  7    Str: 26    XL:     11   Next: 95%
Magic:  10/10      EV: 16    Int:  4    God:    Trog [******]
Gold:   36         SH:  0    Dex: 10    Spells: 10/10 levels left

rFire   . . .      SeeInvis .   q - +1 battleaxe (flame)
rCold   . . .      Faith    .   (shield currently unavailable)
rNeg    . . .      Spirit   .   b - +0 animal skin
rPois   .          Reflect  .   r - +2 hat
rElec   .          Harm     .   j - +0 cloak
rCorr   .          Rampage  .   (no gloves)
Will    .....      Clarity  +   (no boots)
Stlth   +......... NoTele   +   (no amulet)
HPRegen 0.31/turn               (no ring)
MPRegen 0.12/turn               (no ring)

@: no status effects
A: horns 2, retaliatory headbutt, beak, clarity
a: Renounce Religion, Berserk, Trog's Hand, Brothers in Arms


You were in the Dungeon.
You worshipped Trog.
Trog was exalted by your worship.
You visited 1 branch You collected 36 gold pieces.

Inventory:

Hand Weapons
 a - a +2 vorpal executioner's axe
 q - a +1 battleaxe of flaming (weapon)
Armour
 b - a +0 animal skin (worn)
 j - a +0 cloak (worn)
 r - a +2 hat (worn)
Scrolls
 h - a scroll of blinking
 l - 2 scrolls of immolation {unknown}
 m - 3 scrolls of identify
Potions
 c - 2 potions of curing
 d - 3 potions of heal wounds
 e - a potion of haste
 f - 2 potions of magic
 g - 2 potions of berserk rage
 i - 3 potions of flight
 k - 2 potions of mutation
 n - 2 potions of cancellation {unknown}
 o - a potion of might
 s - a potion of lignification {unknown}
 t - a potion of degeneration {unknown}
Miscellaneous
 p - a phial of floods


   Skills:
 * Level 20.9 Fighting
 * Level 20.9 Axes
 + Level 15.1 Armour
 + Level 14.0 Dodging


You had 10 spell levels left.
You didn't know any spells.
Your spell library was empty.

Dungeon Overview and Level Annotations

Branches:
Dungeon (1/1)

Altars:
Cheibriados
Dithmenos
Elyvilon
Fedhas
Gozag
Hepliaklqana
Kikubaaqudgha
Makhleb
Nemelex Xobeh
Okawaru
Qazlal
Ru
Sif Muna
Trog
Uskayaw
Vehumet
Wu Jian
Xom
Yredelemnul
Zin
The Shining One
Beogh
Jiyva
Lugonu

Annotations:
D Polyphemus


Innate Abilities, Weirdness & Mutations

You have a pair of horns on your head.
You reflexively headbutt those who attack you in melee.
You have a beak for a mouth.
You possess an exceptional clarity of mind.


Message History

You close the door.
Polyphemus opens the door.
A dream sheep comes into view.
The dream sheep moves out of view.
You slice Polyphemus!! You burn Polyphemus! You headbutt Polyphemus!
Polyphemus is moderately wounded.
Polyphemus hits you!! Polyphemus hits you!
The dream sheep bleats!
You slice Polyphemus like a ripe choko!!!
You burn Polyphemus.
Polyphemus is severely wounded.
You slice Polyphemus!! You burn Polyphemus. Your headbutt misses Polyphemus.
Polyphemus is severely wounded.
Polyphemus misses you. Polyphemus barely misses you.
You slash Polyphemus! You burn Polyphemus. You peck Polyphemus.
Polyphemus is almost dead.
Polyphemus hits you! Polyphemus hits you.
You are too injured to fight recklessly!
Unknown command.
You are too injured to fight recklessly!
You are too injured to fight recklessly!
Unknown command.
You hit Polyphemus. You burn Polyphemus.
Polyphemus is almost dead.
You slice the dream sheep!! You burn the dream sheep!
You kill the dream sheep!
Trog accepts your kill. Trog grants you a weapon!
Something appears at your feet!
You see here a +3 broad axe of flaming.
Unknown command.
You hit Polyphemus but do no damage.
Polyphemus is almost dead.
Polyphemus hits you!! x2
* * * LOW HITPOINT WARNING * * *
Unknown command.
Unknown command.
You hit Polyphemus but do no damage. You peck Polyphemus, but do no damage.
Polyphemus is almost dead.
Polyphemus hits you!!
You die...

▓...#≈≈§§§§§≈≈♣♣♣♣♣♣♣#..♣♣
▓...#≈§§§§≈§≈≈♣ ###+♣♣♣♣♣
▓##'####'#######♣
♣♣♣♣.##..#
▓.........).....♣♣
♣...##.##.
▓#+#############'♣
♣♣D##D##.#
.JJ#≈P.....)†...♣
♣..#§##TD
▓..J+≈≈...########♣♣
♣♣.##.##.
▓..J#≈≈≈......†....♣
♣♣D##.###
▓..J#≈≈≈≈....@C....♣
♣.....#
#+#############'####
####### ▓≈Y≈ ▓≈≈Y≈≈
▓≈≈≈..≈ ▓≈≈.... ▓≈≈≈.Y≈
▓≈≈≈≈≈≈≈


You could see Polyphemus and 2 dream sheep.

Vanquished Creatures
  Rupert (D)
  Gastronok (D)
  2 dire elephants (D)
  Erolcha (D)
  4 death yaks (D)
  Urug (D)
  A lindwurm (D)
  A deep elf pyromancer (D)
  2 elephants (D)
  2 black mambas (D)
  2 cane toads (D)
  A rime drake (D)
  A komodo dragon (D)
  2 tyrant leeches (D)
  8 blink frogs (D)
  A dream sheep (D)
  A shadow (D)
  4 redbacks (D)
  A spatial vortex (D)
  A swamp drake (D)
  A necrophage (D)
  5 two-headed ogres (D)
  A water elemental (D)
  3 wandering mushrooms (D)
  A jelly (D)
  Crazy Yiuf (D)
  Jessica (D)
  A necromancer (D)
  3 humans (D)
  A kobold demonologist (D)
  3 rats (D)
59 creatures vanquished.

Vanquished Creatures (collateral kills)
  A redback (D)
1 creature vanquished.

Vanquished Creatures (others)
  A wizard (D)
  10 plants (D)
11 creatures vanquished.

Grand Total: 71 creatures vanquished

Notes
Turn   | Place    | Note
-------+----------+-------------------------------------------
     0 | D        | Zeld the Minotaur Berserker began the quest for the Orb.
     0 | D        | Reached XP level 1. HP: 19/19 MP: 0/0
    22 | D        | Reached ** piety under Trog
    83 | D        | Noticed Jessica
    90 | D        | Killed Jessica
    91 | D        | Reached skill level 5 in Fighting
    91 | D        | Reached skill level 5 in Axes
    91 | D        | Reached XP level 2. HP: 29/29 MP: 1/1
   175 | D        | Noticed Crazy Yiuf
   178 | D        | Killed Crazy Yiuf
   179 | D        | Reached XP level 3. HP: 37/37 MP: 2/2
   185 | D        | Reached XP level 4. HP: 45/45 MP: 3/3
   391 | D        | Gained mutation: You have a beak for a mouth. [potion of
                  | mutation]
   391 | D        | Gained mutation: Your muscles are strong. (Str +2) [potion
                  | of mutation]
   391 | D        | Lost mutation: Your muscles are strong. (Str +2) [potion of
                  | mutation]
   391 | D        | Gained mutation: You possess an exceptional clarity of
                  | mind. [potion of mutation]
   524 | D        | Noticed a water elemental
   528 | D        | Killed a water elemental
   528 | D        | Reached *** piety under Trog
   529 | D        | Reached skill level 5 in Armour
   601 | D        | Found a radiant altar of Vehumet.
   601 | D        | Found a shimmering blue altar of Sif Muna.
   601 | D        | Found an ancient bone altar of Kikubaaqudgha.
   601 | D        | Noticed a wizard
   608 | D        | Reached XP level 5. HP: 53/53 MP: 4/4
   907 | D        | Found a hide-covered altar of Uskayaw.
   907 | D        | Found an iron altar of Okawaru.
   907 | D        | Found a bloodstained altar of Trog.
   907 | D        | Found an ornate altar of the Wu Jian Council.
   907 | D        | Noticed a human
   908 | D        | Noticed a human
   914 | D        | Killed a human
   915 | D        | Reached XP level 6. HP: 60/64 MP: 5/5
   917 | D        | Killed a human
   918 | D        | Reached skill level 10 in Fighting
   918 | D        | Reached skill level 10 in Axes
  1009 | D        | Found a basalt altar of Yredelemnul.
  1009 | D        | Found a shadowy altar of Dithmenos.
  1009 | D        | Found a sacrificial altar of Ru.
  1012 | D        | Reached **** piety under Trog
  1019 | D        | Reached XP level 7. HP: 69/74 MP: 6/6
  1152 | D        | Found a glowing silver altar of Zin.
  1152 | D        | Found a glowing golden altar of the Shining One.
  1152 | D        | Found a white marble altar of Elyvilon.
  1153 | D        | Noticed a deep elf pyromancer
  1159 | D        | Killed a deep elf pyromancer
  1209 | D        | Noticed a shadow
  1212 | D        | Reached ***** piety under Trog
  1214 | D        | Killed a shadow
  1215 | D        | Reached XP level 8. HP: 85/85 MP: 7/7
  1232 | D        | Found a blossoming altar of Fedhas.
  1232 | D        | Found a stormy altar of Qazlal.
  1232 | D        | Found a snail-covered altar of Cheibriados.
  1232 | D        | Found a burning altar of Makhleb.
  1232 | D        | Found a shimmering altar of Xom.
  1322 | D        | Found a hazy altar of Hepliaklqana.
  1322 | D        | Found an opulent altar of Gozag.
  1322 | D        | Found a sparkling altar of Nemelex Xobeh.
  1322 | D        | Found a corrupted altar of Lugonu.
  1322 | D        | Found a viscous altar of Jiyva.
  1555 | D        | Noticed a two-headed ogre
  1561 | D        | Killed a two-headed ogre
  1561 | D        | Received a gift from Trog
  1679 | D        | Noticed Erolcha
  1679 | D        | Noticed a two-headed ogre
  1682 | D        | Killed Erolcha
  1683 | D        | Reached skill level 10 in Armour
  1683 | D        | Reached XP level 9. HP: 96/96 MP: 8/8
  1685 | D        | Killed a two-headed ogre
  1686 | D        | Reached skill level 15 in Fighting
  1686 | D        | Reached skill level 15 in Axes
  1686 | D        | Reached skill level 10 in Dodging
  1951 | D        | Noticed a wandering mushroom
  1955 | D        | Noticed a wandering mushroom
  1957 | D        | Noticed a wandering mushroom
  2211 | D        | Received a gift from Trog
  2338 | D        | Noticed a cane toad
  2338 | D        | Noticed a komodo dragon
  2338 | D        | Noticed a cane toad
  2342 | D        | Killed a cane toad
  2346 | D        | Killed a cane toad
  2351 | D        | Killed a komodo dragon
  2352 | D        | Reached XP level 10. HP: 97/108 MP: 9/9
  2655 | D        | Reached ****** piety under Trog
  2980 | D        | Noticed a lindwurm
  2985 | D        | Killed a lindwurm
  3007 | D        | Received a gift from Trog
  3231 | D        | Noticed Urug
  3236 | D        | Killed Urug
  3563 | D        | Noticed a six-headed hydra
  3563 | D        | Noticed a five-headed hydra
  3946 | D        | Noticed an elephant
  3946 | D        | Noticed an elephant
  3946 | D        | Noticed a dire elephant
  3946 | D        | Noticed a dire elephant
  3948 | D        | Noticed Gastronok
  3954 | D        | Killed a dire elephant
  3955 | D        | Reached XP level 11. HP: 121/121 MP: 10/10
  3959 | D        | Killed a dire elephant
  3968 | D        | Killed Gastronok
  4112 | D        | Noticed an azure jelly
  4112 | D        | Noticed an azure jelly
  4112 | D        | Noticed an azure jelly
  4113 | D        | Noticed an azure jelly
  4278 | D        | Noticed Rupert
  4281 | D        | Paralysed by Rupert for 5 turns
  4290 | D        | Killed Rupert
  4410 | D        | Noticed a death yak
  4410 | D        | Noticed a death yak
  4415 | D        | Noticed a death yak
  4417 | D        | Killed a death yak
  4417 | D        | Noticed a death yak
  4423 | D        | Killed a death yak
  4423 | D        | Received a gift from Trog
  4426 | D        | Killed a death yak
  4431 | D        | Killed a death yak
  4439 | D        | Reached skill level 15 in Armour
  4755 | D        | Noticed Polyphemus
  4765 | D        | Received a gift from Trog
  4767 | D        | Mangled by Polyphemus

Illustrated notes

Levels and vault maps discovered:
D:        dungeon_sprint_mu [sprint_mu_entry_cave, sprint_mu_temple_rooms,
          sprint_mu_d1_spiders, sprint_mu_d2_genie, sprint_mu_d3_branching,
          sprint_mu_orc_legion, sprint_mu_elf_gauntlet, sprint_mu_hive_nellie,
          sprint_mu_lair_fedhas, sprint_mu_vaults_butterflies,
          sprint_mu_slime_circle, sprint_mu_shoals_archi,
          sprint_mu_snake_twists, sprint_mu_blade_basic,
          sprint_mu_crypt_fortress, sprint_mu_tomb_spiral,
          sprint_mu_vestibule_basic, sprint_mu_gehenna_hellfire,
          sprint_mu_dis_giant, sprint_mu_tartarus_statrot,
          sprint_mu_cocytus_islands, sprint_mu_zot1]

Skill      XL: |  1  2  3  4  5  6  7  8  9 10 11 |
---------------+----------------------------------+-----
Fighting       | 5 6 8 9 11 12 14 16 18 20 | 20.9
Axes           | 5 6 8 9 11 12 14 16 18 20 | 20.9
Armour         | 3 4 5 6 7 9 10 11 13 15 | 15.1
Dodging        | 3 4 6 7 8 9 10 12 14 | 14.0

Action                   |  1- 3 |  4- 6 |  7- 9 | 10-12 || total
-------------------------+-------+-------+-------+-------++-------
Melee: Hand axe          |    13 |    30 |    30 |       ||    73
       Headbutt          |     2 |     4 |    15 |    20 ||    41
       Peck              |       |     3 |    13 |    28 ||    44
       Punch             |       |     1 |     1 |     2 ||     4
       Battleaxe         |       |       |    17 |    17 ||    34
       Executioner's axe |       |       |    14 |    25 ||    39
       Broad axe         |       |       |       |    72 ||    72
Invok: Berserk           |     2 |     3 |     5 |     6 ||    16
       Brothers in Arms  |       |       |       |     5 ||     5
       Trog's Hand       |       |       |       |     1 ||     1
  Use: Potion            |       |     1 |       |       ||     1
Armor: Animal skin       |       |     1 |     2 |     9 ||    12
Dodge: Dodged            |     4 |     7 |    28 |    62 ||   101
